 Dungeon Crawl Stone Soup version 0.30.0-29-ga12c61a403 (webtiles) character file.

Game seed: 15677739991583934424

120217 Peloso the Fencer (level 16, -5/155 HPs)
             Began as a Minotaur Fighter on June 13, 2023.
             Was a High Priest of Okawaru.
             Succumbed to Aizul's bolt of poison
             ... on level 2 of the Snake Pit.
             The game lasted 01:26:40 (27710 turns).

Peloso the Fencer (Minotaur Fighter)               Turns: 27710, Time: 01:26:41

Health: -5/155     AC: 33    Str: 33    XL:     16   Next: 29%
Magic:  2/18       EV: 13    Int:  8    God:    Okawaru [*****.]
Gold:   1873       SH: 21    Dex: 13    Spells: 15/15 levels left

rFire   + . .        a - +2 double sword (elec)
rCold   . . .        d - +0 tower shield {reflect}
rNeg    . . .        C - +1 plate armour {rF+}
rPois   .            U - +2 hat of the Bear Spirit {Spirit, Bear, *Rage Will++}
rElec   +            k - +0 cloak of Foolhardiness {rElec Str+2}
rCorr   +            v - +3 pair of gloves of Zury {rElec rCorr}
SInv    +            z - +1 pair of boots
Will    +++..        B - amulet of regeneration Stlth
                     P - ring of Beogh, Smoking {Fly Str+5 Int+3 Slay+5}
HPRegen 1.25/turn    I - ring of see invisible
MPRegen 0.16/turn

%: random rage (20%), reflection, guardian spirit
@: lethally poisoned (-5 -> -51), heroic, on berserk cooldown, flying, slowed,
very slow
A: horns 2, retaliatory headbutt
a: Renounce Religion, Heroism, Finesse, Duel


You were on level 2 of the Snake Pit.
You worshipped Okawaru.
Okawaru was extremely pleased with you.
You visited 5 branches of the dungeon, and saw 25 of its levels.
You also visited: Ice Cave.

You collected 3003 gold pieces.
You spent 1130 gold pieces at shops.

Inventory:

Hand Weapons
 a - a +2 double sword of electrocution (weapon)
 b - a +4 long sword
 c - a +2 hand axe of flaming
Armour
 d - a +0 tower shield of reflection (worn)
 i - a +0 kite shield of poison resistance
 k - the +0 cloak of Foolhardiness (worn) {rElec Str+2}
   (Okawaru gifted it to you on level 15 of the Dungeon)

   Str:       It affects your strength (+2).
   rElec:     It insulates you from electricity.
 v - the +3 pair of gloves of Zury (worn) {rElec rCorr}
   (You found it on level 1 of the Orcish Mines)

   rElec:     It insulates you from electricity.
   rCorr:     It protects you from acid and corrosion.
 y - a +1 chain mail of cold resistance
 z - a +1 pair of boots (worn)
 C - a +1 plate armour of fire resistance (worn)
 U - the +2 hat of the Bear Spirit (worn) {Spirit, Bear, *Rage Will++}
   (Okawaru gifted it to you on level 2 of the Lair of Beasts)

   Bear:      Going berserk makes the wearer exceptionally tough, and they are
   slowed for a shorter time afterward.
   *Rage:     It berserks you when you make melee attacks (+20% chance).
   Will:      It greatly increases your willpower.
Jewellery
 e - a ring of positive energy
 r - a +6 ring of strength
 t - an amulet of reflection
 w - the amulet of Xaxy {RegenMP rPois rC+}
   (You found it on level 12 of the Dungeon)

   [amulet of magic regeneration]

   It increases your rate of magic regeneration.
   rC:        It protects you from cold.
   rPois:     It protects you from poison.
 B - an amulet of regeneration (around neck)
 I - a ring of see invisible (right hand)
 M - a +4 ring of protection
 P - the ring of Beogh, Smoking (left hand) {Fly Str+5 Int+3 Slay+5}
   (You bought it in a shop on level 6 of the Dungeon)

   [ring of flight]

   Str:       It affects your strength (+5).
   Int:       It affects your intelligence (+3).
   Slay:      It affects your accuracy & damage with ranged weapons and melee
   (+5).
   Fly:       It grants you flight.
 X - a +6 ring of strength
Wands
 s - a wand of iceblast (5)
 u - a wand of polymorph (4)
Scrolls
 g - 7 scrolls of poison
 h - 2 scrolls of noise
 j - 2 scrolls of identify
 m - a scroll of teleportation
 n - 8 scrolls of magic mapping
 p - 3 scrolls of brand weapon
 q - 2 scrolls of immolation
 x - a scroll of enchant armour
 A - a scroll of blinking
 E - 3 scrolls of fear
 R - a scroll of acquirement
Potions
 l - 2 potions of might
 o - 3 potions of curing
 H - 5 potions of haste
 L - 2 potions of resistance
 O - 2 potions of berserk rage
 Q - 3 potions of flight
 Y - 2 potions of invisibility
Miscellaneous
 f - a piece from Xom's chessboard (15/15)


   Skills:
 + Level 17.1(22.1) Fighting
 + Level 18.9(23.9) Long Blades
 + Level 17.5(22.5) Armour
 + Level 6.9(11.9) Dodging
 + Level 1.8(6.8) Stealth
 + Level 15.9(20.9) Shields
 + Level 4.1 Invocations
 + Level 1.4 Evocations


You had 15 spell levels left.
You didn't know any spells.
Your spell library contained the following spells:

 Spells                   Type           Power      Damage    Failure   Level
 Beastly Appendage        Tmut           0%         N/A       89%         1
 Freeze                   Ice            0%         1d3       89%         1
 Blink                    Tloc           0%         N/A       96%         2
 Lesser Beckoning         Tloc           0%         N/A       96%         2
 Momentum Strike          Conj/Tloc      0%         3d8       96%         2
 Sublimation of Blood     Necr           0%         N/A       96%         2
 Wereblood                Tmut           0%         N/A       96%         2
 Dazzling Flash           Conj/Hex       0%         N/A       99%         3
 Frozen Ramparts          Ice            0%         1d1       99%         3
 Gell's Gravitas          Tloc           0%         N/A       99%         3
 Hailstorm                Conj/Ice       0%         3d3       99%         3
 Portal Projectile        Hex/Tloc       0%         N/A       99%         3
 Spider Form              Tmut/Pois      0%         N/A       99%         3
 Teleport Other           Tloc           0%         N/A       99%         3
 Volatile Blastmotes      Fire/Tloc      0%         2d10      99%         3
 Fulminant Prism          Conj/Hex       0%         3d5       100%        4
 Ice Form                 Ice/Tmut       0%         N/A       100%        4
 Iskenderun's Mystic Bla  Conj/Tloc      0%         2d3       100%        4
 Passage of Golubria      Tloc           0%         N/A       100%        4
 Petrify                  Tmut/Erth      0%         N/A       100%        4
 Agony                    Necr           0%         N/A       100%        5
 Blade Hands              Tmut           0%         N/A       100%        5
 Borgnjor's Vile Clutch   Necr/Erth      0%         N/A       100%        5
 Fireball                 Conj/Fire      0%         3d3       100%        5
 Irradiate                Conj/Tmut      0%         3d11      100%        5
 Iskenderun's Battlesphe  Conj           0%         2d6       100%        5
 Lee's Rapid Deconstruct  Erth           0%         3d4*      100%        5
 Silence                  Hex/Air        0%         N/A       100%        5
 Yara's Violent Unravell  Hex/Tmut       0%         3d3       100%        5
 Conjure Ball Lightning   Conj/Air       0%         3x3d6     100%        6
 Dispersal                Tloc           0%         N/A       100%        6
 Dragon Form              Tmut           0%         N/A       100%        7
 Orb of Destruction       Conj           0%         9d5       100%        7
 Tukima's Dance           Hex            Unusable   N/A       N/A         3
 Animate Dead             Necr           Unusable   N/A       N/A         4
 Summon Ice Beast         Ice/Summ       Unusable   N/A       N/A         4
 Death Channel            Necr           Unusable   N/A       N/A         6
 Malign Gateway           Summ/Tloc      Unusable   N/A       N/A         7

Dungeon Overview and Level Annotations

Branches:
Dungeon (15/15)            Temple (1/1) D:5            Lair (5/5) D:9
 Shoals (0/4) Lair:3        Snake (1/4) Lair:3        Slime (0/5) Lair:4
    Orc (2/2) D:10            Elf (0/3) Orc:2        Vaults (0/5) D:14
 Depths (0/4) D:15          IceCv (visited)

Altars:
Ashenzari
Cheibriados
Dithmenos
Elyvilon
Fedhas
Gozag
Hepliaklqana
Kikubaaqudgha
Makhleb
Nemelex Xobeh
Okawaru
Qazlal
Ru
Sif Muna
Trog
Uskayaw
Vehumet
Wu Jian
Xom
Yredelemnul
Zin
The Shining One

Shops:
D:6 *((=(   D:12 [[   Orc:2 :(?*

Portals:
Abyss: Lair:3

Annotations:
D:14 Casa
Snake:2 Aizul


Innate Abilities, Weirdness & Mutations

You have a pair of horns on your head.
You reflexively headbutt those who attack you in melee.


Message History

You feel extremely sick.
The naga no longer looks unusually toxic.
The shock serpent shoots out a bolt of lightning at you!
The bolt of electricity hits you. You resist.
You see here an anaconda corpse.
Unknown command.
You slash Aizul! Your headbutt misses Aizul.
Aizul is lightly wounded.
You feel very sick.
The shock serpent bites you but does no damage.
Aizul hits you but does no damage.
The shock serpent bites you but does no damage.
You block Aizul's attack.
Unknown command.
You gain the combat prowess of a mighty hero.
You feel very sick. You block the shock serpent's attack.
Aizul coils herself and waves her upper body at you.
The bolt of poison misses you. You block the shock serpent's attack.
Aizul coils herself and waves her upper body at you.
The bolt of poison hits you!!
You are more poisoned.
* * * LOW HITPOINT WARNING * * *
Unknown command.
You slice Aizul!! Lightning courses through Aizul!! You headbutt Aizul!
Aizul is heavily wounded.
You feel extremely sick. You block the shock serpent's attack.
Aizul coils herself and waves her upper body at you.
The bolt of poison hits you but does no damage.
You are lethally poisoned!
The shock serpent bites you but does no damage.
Aizul coils herself and waves her upper body at you.
The bolt of poison hits you!!
You are more poisoned.
* * * LOW HITPOINT WARNING * * *
Unknown command.
You closely miss Aizul.
Aizul is heavily wounded.
You die...

#..............
...............
..........N....
.........N.....
.......N......#
#....NNN....#
:...###### #S##
#........##
#SS#
#..........
##@##
#..........
#..#
+..........
##.##
#.......N..
#..###
#.......N..
##...#####
##...#
#.......###
##..).#
##.........#
#....)#
##..........#
...).)####
##...........#


You could see Aizul, a shock serpent, a mana viper, 2 naga magi and a naga.

Vanquished Creatures
  The ghost of klichko the Eclecticist, an adept DjFE of Makhleb (Lair:3)
  The ghost of tiocybot the Martial Artist, a journeyman GnTm of Sif Muna (D:12)
  2 dire elephants (Lair:5)
  Azrael (D:15)
  2 blizzard demons (IceCv)
  Josephine (D:15)
  A caustic shrike simulacrum (IceCv)
  3 vault guards (D:14)
  An anaconda (Snake:2)
  6 centaur warriors
  2 two-headed ogres
  A death knight (D:14)
  A catoblepas (Lair:1)
  The ghost of Otae the Skirmisher, a novice DgHu (Orc:1)
  5 boulder beetles
  3 tengu warriors
  12 death yaks
  2 naga warriors (Snake:2)
  An orc high priest (Orc:1)
  Sonja (Orc:1)
  A salamander mystic (Snake:2)
  5 skeletal warriors (D:14)
  2 skysharks
  A spectral anaconda (Lair:5)
  5 spriggan simulacra (IceCv)
  2 wizards (D:15)
  A bog body (IceCv)
  A naga ritualist (Snake:2)
  A harpy (shapeshifter) (D:15)
  5 lindwurms
  A phantasmal warrior (D:14)
  2 obsidian statues
  4 orc knights
  9 orc sorcerers
  2 deep elf pyromancers
  5 necromancers
  2 oklob plants
  8 manticores
  4 ugly things
  5 mana vipers (Snake:2)
  A salamander (Snake:2)
  A wolf spider (D:15)
  2 cyclopes (D:12)
  A centaur zombie (D:15)
  21 elephants
  2 moths of wrath (Orc:1)
  5 black mambas
  2 naga magi
  6 gargoyles
  A dire elephant zombie (Lair:5)
  A centaur skeleton (D:15)
  An unseen horror (D:12)
  2 rime drakes
  9 cane toads
  A golden dragon simulacrum (IceCv)
  11 ice devils (IceCv)
  2 tengu conjurers
  3 freezing wraiths
  3 kobold demonologists
  8 komodo dragons
  A queen bee (D:11)
  An ancient zyme (Lair:3)
  6 trolls
  3 meliai (D:15)
  2 polar bears (Lair:5)
  A wolf spider simulacrum (D:15)
  A wind drake (Lair:3)
  2 hornets
  20 blink frogs
  A hornet (shapeshifter) (D:14)
  A raiju (Lair:3)
  4 spectral elephants (Lair:5)
  A centaur simulacrum (D:12)
  4 shadows
  5 slime creatures
  A spriggan (Lair:3)
  4 dire elephant simulacra (IceCv)
  9 wraiths
  47 yaks
  A vampire (D:10)
  6 wyverns
  4 fire elementals
  8 humans (D:14)
  A chaos spawn (Lair:3)
  14 vampire mosquitoes
  10 minotaur simulacra (IceCv)
  2 steam dragons
  2 basilisks
  4 death yak simulacra (Lair:5)
  4 harpy simulacra (IceCv)
  14 wargs
  6 nagas (Snake:2)
  4 acid dragons
  A hydra simulacrum (IceCv)
  11 water moccasins
  2 hell hounds (D:15)
  20 orc warriors
  A sky beast (D:7)
  A black bear (D:7)
  An ice beast (D:7)
  9 ogres
  An alligator simulacrum (IceCv)
  4 wolves
  4 centaurs
  4 phantoms
  An elephant skeleton (Lair:5)
  4 kobold brigands
  10 bullfrogs
  2 cane toad simulacra (Lair:5)
  5 deep troll simulacra (IceCv)
  2 lindwurm simulacra (IceCv)
  3 troll zombies (D:10)
  An elephant simulacrum (Lair:5)
  30 killer bees
  2 howler monkeys
  A lava snake (D:12)
  A jelly (shapeshifter) (D:13)
  3 hounds
  3 jellies (Lair:4)
  13 orc priests
  A gnoll bouda (D:5)
  A sleepcap (D:6)
  3 iguanas (D:5)
  38 orc wizards
  3 ogre zombies (D:10)
  Robin (D:2)
  5 gnolls (D:5)
  4 adders
  A shadow imp (D:5)
  3 white imps
  2 ufetubi
  2 worms (D:3)
  4 dart slugs
  97 orcs
  3 endoplasms
  2 giant cockroaches (D:2)
  15 goblins
  9 hobgoblins
  2 jackals (D:3)
  5 quokkas
  2 ball pythons (D:1)
  8 bats
  5 frilled lizards
  2 goblin zombies (D:10)
  2 hobgoblin skeletons (D:10)
  2 hobgoblin zombies (D:10)
  14 kobolds
  13 orc zombies (D:10)
  7 rats
  A spectral orc (D:8)
788 creatures vanquished.

Vanquished Creatures (others)
  A deep elf pyromancer (D:14)
  3 yaks (D:10)
  A human (D:14)
  A warg (D:15)
  2 orc warriors (D:10)
  A gnoll sergeant (D:10)
  A howler monkey (D:10)
  2 orc wizards
  An orc (D:15)
13 creatures vanquished.

Grand Total: 801 creatures vanquished

Notes
Turn   | Place    | Note
-------+----------+-------------------------------------------
     0 | D:1      | Peloso the Minotaur Fighter began the quest for the Orb.
     0 | D:1      | Reached XP level 1. HP: 19/19 MP: 0/0
   184 | D:1      | Reached XP level 2. HP: 27/27 MP: 1/1
  1007 | D:2      | Reached XP level 3. HP: 33/33 MP: 2/2
  1113 | D:2      | Found an ancient bone altar of Kikubaaqudgha.
  1259 | D:2      | Noticed Robin
  1262 | D:2      | Reached skill level 3 in Long Blades
  1284 | D:2      | Killed Robin
  1402 | D:2      | Reached XP level 4. HP: 40/40 MP: 3/3
  1938 | D:3      | Found a white marble altar of Elyvilon.
  2608 | D:4      | Reached skill level 4 in Long Blades
  2741 | D:4      | Noticed a phantom
  2750 | D:4      | Killed a phantom
  2751 | D:4      | Reached skill level 5 in Armour
  2751 | D:4      | Reached XP level 5. HP: 41/46 MP: 4/4
  2842 | D:4      | Reached skill level 5 in Long Blades
  2992 | D:4      | Reached XP level 6. HP: 48/53 MP: 5/5
  3030 | D:4      | Found a broken altar of Ashenzari.
  3031 | D:4      | Found a hide-covered altar of Uskayaw.
  3033 | D:4      | Found a glowing golden altar of the Shining One.
  3033 | D:4      | Found a stormy altar of Qazlal.
  3171 | D:4      | Found a snail-covered altar of Cheibriados.
  3393 | D:5      | Entered Level 5 of the Dungeon
  4207 | D:5      | Reached skill level 6 in Long Blades
  4207 | D:5      | Reached skill level 1 in Dodging
  4379 | D:5      | Reached XP level 7. HP: 39/60 MP: 6/6
  4469 | D:5      | Identified the +9 ring mail "Cunixko" {Harm}
  4481 | D:5      | Found a staircase to the Ecumenical Temple.
  4488 | D:5      | Reached skill level 5 in Fighting
  4509 | Temple   | Entered the Ecumenical Temple
  4526 | Temple   | Became a worshipper of Warmaster Okawaru
  4617 | D:5      | Found a hazy altar of Hepliaklqana.
  4832 | D:6      | Found Emaex's General Store.
  4896 | D:6      | Noticed a yak
  4896 | D:6      | Noticed a yak
  4926 | D:6      | Killed a yak
  4927 | D:6      | Reached skill level 7 in Long Blades
  4927 | D:6      | Reached skill level 5 in Shields
  5051 | D:6      | Noticed a yak
  5052 | D:6      | Noticed a yak
  5215 | D:6      | Killed a yak
  5216 | D:6      | Reached skill level 1 in Stealth
  5216 | D:6      | Reached XP level 8. HP: 58/69 MP: 7/7
  5309 | D:6      | Reached skill level 8 in Long Blades
  5479 | D:6      | Found None's Weapon Emporium.
  5508 | D:6      | Found Voajaure's Weapon Shop.
  5671 | D:6      | Reached * piety under Okawaru
  5691 | D:6      | Found a shimmering blue altar of Sif Muna.
  5855 | D:6      | Found Uwnifotea's Jewellery Boutique.
  6082 | D:6      | Found Zoytit's Antique Weapon Shop.
  6276 | D:7      | Reached skill level 9 in Long Blades
  6794 | D:7      | Found a glowing silver altar of Zin.
  6794 | D:7      | Found a burning altar of Makhleb.
  6795 | D:7      | Noticed a green death
  6795 | D:7      | Noticed an angel
  6810 | D:7      | Reached XP level 9. HP: 78/78 MP: 8/8
  6820 | D:7      | Reached ** piety under Okawaru
  7187 | D:7      | Reached skill level 10 in Long Blades
  7743 | D:8      | Found a basalt altar of Yredelemnul.
  8312 | D:9      | Found a shadowy altar of Dithmenos.
  8481 | D:9      | Noticed a kobold demonologist
  8523 | D:8      | Reached *** piety under Okawaru
  8524 | D:8      | Reached skill level 11 in Long Blades
  8616 | D:8      | Reached skill level 10 in Armour
  8616 | D:8      | Reached XP level 10. HP: 42/88 MP: 9/9
  8744 | D:8      | Noticed a soul eater
  8942 | D:9      | Found a staircase to the Lair.
  9206 | D:9      | Found a bloodstained altar of Trog.
  9209 | D:9      | Found an opulent altar of Gozag.
  9214 | D:9      | Found an ornate altar of the Wu Jian Council.
  9431 | D:10     | Entered Level 10 of the Dungeon
  9861 | D:10     | Reached skill level 1 in Invocations
  9867 | D:10     | Found a shimmering altar of Xom.
  9889 | D:10     | Reached **** piety under Okawaru
  9890 | D:10     | Reached skill level 12 in Long Blades
 10163 | D:10     | Found a staircase to the Orcish Mines.
 10592 | D:11     | Noticed a two-headed ogre
 10601 | D:11     | Reached XP level 11. HP: 95/95 MP: 11/11
 10609 | D:11     | Killed a two-headed ogre
 10610 | D:11     | Reached skill level 13 in Long Blades
 10761 | D:11     | Reached ***** piety under Okawaru
 11268 | D:11     | Noticed a red ugly thing
 11285 | D:11     | Killed a red ugly thing
 11653 | Lair:1   | Entered Level 1 of the Lair of Beasts
 11720 | Lair:1   | Reached skill level 14 in Long Blades
 11726 | Lair:1   | Noticed a death yak
 11727 | Lair:1   | Noticed a death yak
 11777 | Lair:1   | Killed a death yak
 11778 | Lair:1   | Reached skill level 10 in Fighting
 11793 | Lair:1   | Killed a death yak
 12005 | Lair:1   | Noticed a catoblepas
 12034 | Lair:1   | Killed a catoblepas
 12148 | Lair:1   | Reached XP level 12. HP: 108/108 MP: 10/12
 12425 | Lair:1   | Noticed a death yak
 12426 | Lair:1   | Noticed a death yak
 12426 | Lair:1   | Noticed a death yak
 12550 | Lair:1   | Killed a death yak
 12579 | Lair:1   | Reached skill level 15 in Long Blades
 12696 | Lair:1   | Received a gift from Okawaru
 12718 | Lair:1   | Killed a death yak
 12825 | Lair:1   | Killed a death yak
 12990 | D:6      | Bought the ring of Beogh, Smoking {Fly Str+5 Int+3 Slay+5}
                  | for 747 gold pieces
 13346 | D:12     | Found Emmiw's Armour Shoppe.
 13726 | D:12     | Found Peiqa's Antique Armour Shoppe.
 13729 | D:12     | Noticed a two-headed ogre
 13739 | D:12     | Killed a two-headed ogre
 13759 | D:12     | Noticed a boulder beetle
 13766 | D:12     | Noticed a boulder beetle
 13784 | D:12     | Noticed tiocybot's ghost (journeyman GnTm)
 13795 | D:12     | Found a transporter.
 13801 | D:12     | Found a transporter.
 14140 | D:12     | Got Sif Muna's Cyclopedia of Direction
 14583 | Lair:2   | Identified the +1 robe of Impatience {rPois rC+ Slay+2
                  | Archmagi}
 14843 | Lair:2   | Reached ****** piety under Okawaru
 14848 | Lair:2   | Reached XP level 13. HP: 110/119 MP: 13/13
 14860 | Lair:2   | Received a gift from Okawaru
 14860 | Lair:2   | Found the +2 hat of the Bear Spirit {Spirit, Bear, *Rage
                  | Will++}
 15343 | Lair:3   | Found a staircase to the Shoals.
 15570 | Lair:3   | Noticed klichko's ghost (adept DjFE)
 15671 | Lair:3   | Found a staircase to the Snake Pit.
 15774 | Lair:3   | Found a transporter.
 15788 | Lair:3   | Found a transporter.
 16532 | Lair:4   | Reached skill level 16 in Long Blades
 16569 | Lair:4   | Reached skill level 10 in Shields
 16681 | Lair:4   | Found a staircase to the Slime Pits.
 16695 | Lair:4   | Reached skill level 15 in Armour
 17387 | Orc:1    | Entered Level 1 of the Orcish Mines
 17537 | Orc:1    | Noticed Sonja
 17542 | Orc:1    | Killed Sonja
 17607 | Orc:1    | Found a transporter.
 17609 | Orc:1    | Noticed Otae's ghost (novice DgHu)
 17657 | Orc:1    | Found a transporter.
 18070 | Orc:2    | Entered Level 2 of the Orcish Mines
 18187 | Orc:2    | Found a staircase to the Elven Halls.
 18527 | Orc:2    | Received a gift from Okawaru
 18861 | Orc:2    | Found Laoddiuf's Magic Scroll Shop.
 18861 | Orc:2    | Found Diarphio's General Store.
 18908 | Orc:2    | Bought a scroll of identify for 34 gold pieces
 18908 | Orc:2    | Bought a scroll of identify for 34 gold pieces
 18959 | Orc:2    | Found Uperot Kagoa's Book Shop.
 18959 | Orc:2    | Found Soik's Weapon Shoppe.
 19544 | D:12     | Bought a slimy scale mail for 315 gold pieces
 19544 | D:12     | Identified the +4 scale mail of Apathy {Dex+2 Slay+2} (You
                  | bought it in a shop on level 12 of the Dungeon)
 20014 | D:13     | Reached XP level 14. HP: 132/132 MP: 15/15
 20243 | D:13     | Identified the +2 great sword of the Unliving {drain, rF+
                  | Will+} (Okawaru gifted it to you on level 13 of the
                  | Dungeon)
 20243 | D:13     | Received a gift from Okawaru
 20690 | Lair:5   | Entered Level 5 of the Lair of Beasts
 20845 | Lair:5   | Identified a scroll of acquirement
 21299 | Lair:5   | Reached skill level 17 in Long Blades
 21424 | Lair:5   | Reached skill level 5 in Dodging
 21789 | Lair:5   | Identified the +0 ring mail of Susaz {rC- rCorr Str+7
                  | Int-2} (Okawaru gifted it to you on level 5 of the Lair of
                  | Beasts)
 21789 | Lair:5   | Received a gift from Okawaru
 21853 | Lair:5   | Reached skill level 15 in Fighting
 22025 | Lair:5   | HP: 1/129 [necromancer/bolt of negative energy (23)]
 22775 | D:14     | Reached XP level 15. HP: 77/141 MP: 8/16
 22931 | D:14     | Received a gift from Okawaru
 22931 | D:14     | Found a blossoming altar of Fedhas.
 22976 | D:14     | Found a frozen archway.
 22985 | IceCv    | Entered an ice cave
 23291 | IceCv    | Identified the +0 ice dragon scales "Damnable Contraption"
                  | {Harm Rampage rF- rC++ rCorr Int+2}
 23736 | IceCv    | Identified the +0 hat of Shadows and Fog {rC+ Int+2 Dex-5}
                  | (Okawaru gifted it to you in an ice cave)
 23736 | IceCv    | Received a gift from Okawaru
 23879 | IceCv    | Reached skill level 18 in Long Blades
 24161 | D:14     | Found a gate to the Vaults.
 25182 | D:15     | Entered Level 15 of the Dungeon
 25240 | D:15     | Reached skill level 1 in Evocations
 25324 | D:15     | Identified the +0 plate armour of the Minstrel {rF+}
 25470 | D:15     | Noticed Azrael
 25506 | D:15     | Killed Azrael
 25596 | D:15     | Noticed Josephine
 25616 | D:15     | Killed Josephine
 25638 | D:15     | Found a shadowy altar of Dithmenos.
 25665 | D:15     | HP: 4/145 [manticore simulacrum[a necromancer] (22)]
 25687 | D:15     | Reached skill level 15 in Shields
 25799 | D:15     | Identified the +0 cloak of Foolhardiness {rElec Str+2}
                  | (Okawaru gifted it to you on level 15 of the Dungeon)
 25799 | D:15     | Received a gift from Okawaru
 25868 | D:15     | Found a staircase to the Depths.
 26358 | Orc:1    | Killed Otae's ghost
 26387 | Orc:1    | Identified the +3 pair of gloves of Zury {rElec rCorr}
 26716 | D:12     | Killed tiocybot's ghost
 26727 | D:12     | Reached XP level 16. HP: 152/152 MP: 14/18
 26824 | D:12     | Identified the amulet of Xaxy {RegenMP rPois rC+}
 27023 | Lair:3   | Found a one-way gate to the infinite horrors of the Abyss.
 27080 | Lair:3   | Killed klichko's ghost
 27224 | Snake:1  | Entered Level 1 of the Snake Pit
 27315 | Snake:1  | You are sucked into a shaft and drop 1 floor!
 27701 | Snake:2  | Noticed Aizul
 27709 | Snake:2  | HP: 7/155 [Aizul/bolt of poison (15)]
 27710 | Snake:2  | Succumbed to Aizul's bolt of poison

Illustrated notes

Levels and vault maps discovered:
D:1:      evilmike_arrival_home_sweet_home, layout_loops_corners, minivault_4
D:2:      layout_basic, basic_altar, uniq_robin
D:3:      layout_rooms, nicolae_elyvilon_peaceful_grove
D:4:      nicolae_cairo_tiling, layout_basic, mainiacjoe_overflow_paths,
          mainiacjoe_overflow_alcove_3, serial_glass, glass_columns_b,
          glass_columns_a, item_on_display_a, minmay_strange_pillars
D:5:      layout_basic, general_overflow_altar,
          minmay_temple_entry_statues_fountains
D:6:      layout_cave_pods, lemuel_crystal_altar, serial_shops,
          nicolae_shop_tiny_real_fake_doors, nicolae_shop_just_a_little_nook,
          shop, shop, shop
D:7:      layout_basic, grunt_temple_overflow_order_and_chaos_2, minivault_22
D:8:      layout_layer_cave, yredelemnul_forgotten_temple_becter,
          hangedman_abyss_or_decor_stabs
D:9:      layout_cave_pools, lemuel_doored_altar, grunt_temple_overflow_diamond
D:10:     layout_roguey, xom_confusion_cloud, zombieorc1_lemuel
D:11:     layout_small_grid, minivault_7
D:12:     layout_basic, serial_shops, shop, shop, nzn_ghost_randoct,
          kennysheep_dice
D:13:     layout_loops_ring
D:14:     layout_basic, ximxim_vaults_locker_room,
          portal_ice_cave_entry_pillars_2, nrook_uturn, fedhas_altar_3
D:15:     grunt_enter_depths_magical_seal, layout_rooms,
          nicolae_dithmenos_the_darkroom, minmay_lindwurm_lava, uniq_josephine,
          uniq_azrael
Temple:   hellmonk_temple_two_chambers
Lair:1:   layout_roguey, nicolae_lair_grazing_beasts
          [nicolae_sub_lair_graze_edge, nicolae_sub_lair_graze_edge,
          nicolae_sub_lair_graze_edge, nicolae_sub_lair_graze_edge],
          grunt_megastairs_1
Lair:2:   layout_cave_pods, infiniplex_staircase_pool_2
Lair:3:   layout_cave_pods, minmay_shoals_entry_beasts, dummy_snake_entry,
          gammafunk_ghost_abyssal_escape, serial_bayou_shore_b
Lair:4:   layout_loops_ring, minmay_slime_entry_pillars
Lair:5:   due_jungle_book, layout_cave_pods
Snake:1:  layout_cave_pods, drop_trap, grunt_megastairs_3, minmay_shop_grove,
          serial_bayou_shore_a, uniq_jorgrun
Snake:2:  layout_cave_pods, grunt_megastairs_2, minmay_shoptagon,
          lemuel_fruit_tree, uniq_aizul
Orc:1:    layout_diamond_mine, gammafunk_ghost_berserking_beasts, uniq_sonja
Orc:2:    st_orc_town, layout_diamond_mine

Skill      XL: |  1  2  3  4  5  6  7  8  9 10 11 12 13 14 15 16 |
---------------+-------------------------------------------------+-----
Armour         | 4 5 6 8 10 11 12 14 15 16 17 | 17.5
Shields        | 4 5 6 7 8 9 11 13 15 | 15.9
Long Blades    | 3 4 5 6 7 9 11 12 14 15 16 17 18 | 18.9
Fighting       | 4 5 6 8 10 12 14 15 16 17 | 17.1
Dodging        | 1 2 3 6 |  6.9
Stealth        | 1 |  1.8
Invocations    | 1 2 3 4 |  4.1
Evocations     | 1 |  1.4

Action                     |  1- 3 |  4- 6 |  7- 9 | 10-12 | 13-15 | 16-18 || total
---------------------------+-------+-------+-------+-------+-------+-------++-------
  Melee: Long sword        |   103 |   148 |   293 |   815 |  1429 |    73 ||  2861
         Headbutt          |     9 |    16 |    51 |   193 |   413 |    47 ||   729
         Double sword      |       |       |       |       |       |    76 ||    76
 Invoke: Heroism           |       |       |       |    21 |    21 |     3 ||    45
  Evoke: Wand              |       |       |       |       |    15 |       ||    15
    Use: Scroll            |     3 |     3 |     2 |     8 |    19 |     1 ||    36
         Potion            |     2 |     4 |       |     1 |     7 |     2 ||    16
 Armour: Scale mail        |    27 |       |       |       |   160 |       ||   187
         Chain mail        |    40 |    68 |    13 |       |    85 |       ||   206
         Plate armour      |       |       |   160 |   457 |   492 |    87 ||  1196
  Dodge: Dodged            |    53 |    49 |   106 |   267 |   541 |    46 ||  1062
  Block: Buckler           |    30 |    32 |    80 |   218 |       |       ||   360
         Kite shield       |       |       |       |    12 |   949 |    62 ||  1023
         Tower shield      |       |       |       |       |       |    82 ||    82
         Reflection        |       |       |       |       |       |     8 ||     8
